 Dungeon Crawl Stone Soup version 0.29.1-13-g9f3cf754e1 (webtiles) character file.

Game seed: 8596545093973775225

8762 nshep25 the Cleaver (level 11, 0/97 HPs)
             Began as a Minotaur Fighter on Feb 2, 2023.
             Slain by a yak (7 damage)
             ... on level 9 of the Dungeon.
             The game lasted 00:19:11 (8785 turns).

nshep25 the Cleaver (Minotaur Fighter)              Turns: 8785, Time: 00:19:11

Health: 0/97       AC: 17    Str: 25    XL:     11   Next: 14%
Magic:  10/10      EV: 13    Int:  5    God:
Gold:   709        SH:  5    Dex: 10    Spells: 10/10 levels left

rFire   + . .      SeeInvis .   a - +1 war axe (chaos)
rCold   . . .      Faith    .   c - +0 buckler
rNeg    . . .      Spirit   .   E - +1 chain mail {rF+}
rPois   .          Reflect  .   (helmet restricted)
rElec   .          Harm     .   s - +2 cloak {rCorr}
rCorr   +          Rampage  .   B - +0 pair of gloves
Will    +....                   (no boots)
Stlth   ..........              (no amulet)
HPRegen 0.26/turn               A - ring of willpower
MPRegen 0.12/turn               n - +4 ring of evasion

@: no status effects
A: horns 2, retaliatory headbutt
a: no special abilities


You were on level 9 of the Dungeon.
You visited 2 branches of the dungeon, and saw 10 of its levels.
You also visited: Sewer.

You collected 709 gold pieces.

Inventory:

Hand Weapons
 a - a +1 war axe of chaos (weapon)
 x - a +0 battleaxe
Missiles
 y - 4 boomerangs (quivered)
Armour
 b - a +0 scale mail
 c - a +0 buckler (worn)
 l - a +0 cloak
 s - a +2 cloak of preservation (worn)
 u - a +0 chain mail
 B - a +0 pair of gloves (worn)
 E - a +1 chain mail of fire resistance (worn)
Jewellery
 e - a ring of magical power
 n - a +4 ring of evasion (right hand)
 q - a ring of resist corrosion
 w - a ring of fire
 A - a ring of willpower (left hand)
 D - a ring of magical power
Wands
 o - a wand of paralysis (6)
 r - a wand of flame (16)
 C - a wand of polymorph (16)
 K - a wand of roots (18)
Scrolls
 f - 4 scrolls of teleportation
 j - 3 scrolls of fog
 G - 4 scrolls of enchant weapon
Potions
 d - a potion of might
 g - 4 potions of curing
 h - 2 potions of brilliance {unknown}
 k - 3 potions of cancellation {unknown}
 m - 3 potions of berserk rage
 p - 3 potions of resistance {unknown}
 t - a potion of haste {unknown}
 v - a potion of mutation {unknown}
 z - 4 potions of attraction
 F - 2 potions of lignification
 H - 2 potions of heal wounds {unknown}
 I - a potion of invisibility {unknown}
 J - a potion of flight {unknown}
 L - 2 potions of ambrosia {unknown}


   Skills:
 + Level 9.6 Fighting
 + Level 13.5 Axes
 + Level 10.3 Armour
 + Level 2.8 Dodging
 + Level 4.0 Stealth
 + Level 7.3 Shields
 + Level 0.4 Unarmed Combat


You had 10 spell levels left.
You didn't know any spells.
Your spell library contained the following spells:

 Spells                   Type           Power      Damage    Failure   Level
 Sandblast                Erth           0%         2d4       97%         1
 Sting                    Tmut/Pois      0%         1d3       97%         1
 Blink                    Tloc           0%         N/A       99%         2
 Passwall                 Tmut/Erth      0%         N/A       99%         2
 Poisonous Vapours        Pois/Air       0%         N/A       99%         2
 Lesser Beckoning         Tloc           0%         N/A       100%        3
 Ozocubu's Armour         Ice            0%         N/A       100%        3
 Stone Arrow              Conj/Erth      0%         3d7       100%        3
 Olgreb's Toxic Radiance  Pois           0%         N/A       100%        4
 Manifold Assault         Tloc           0%         N/A       100%        5
 Ozocubu's Refrigeration  Ice            0%         4d7       100%        7
 Storm Form               Tmut/Air       0%         N/A       100%        7


Dungeon Overview and Level Annotations

Branches:
Dungeon (9/15)             Temple (1/1) D:7            Lair (0/5) D:8
  Sewer (visited)
    Orc: D:9-12

Altars:
Ashenzari
Cheibriados
Dithmenos
Fedhas
Kikubaaqudgha
Ru
Trog
Uskayaw
Vehumet
Wu Jian
Xom
Yredelemnul
The Shining One

Shops:
D:1 *   D:5 *

Annotations:
D:8 1 runed translucent door, GigaChad's ghost, novice MiFi


Innate Abilities, Weirdness & Mutations

You have a pair of horns on your head.
You reflexively headbutt those who attack you in melee.


Message History

The killer bee is severely wounded.
You closely miss the yak. You slash the yak! You freeze the yak!
The killer bee barely misses you. You furiously retaliate!
You headbutt the killer bee.
You kill the killer bee!
The yak gores you. You block the yak's attack.
You slice the howler monkey!! You burn the howler monkey!
You kill the howler monkey!
You hit the yak but do no damage. You hit the yak. You burn the yak.
The yak gores you. x2; The orc warrior closely misses you.
Unknown command.
The yak attacks as you move away! The yak gores you! x2
* * * LOW HITPOINT WARNING * * *
The orc warrior barely misses you.
Items here: $ ( ) [ ††.
You hit the orc warrior but do no damage.
The orc warrior is poisoned.
You slash the yak! You burn the yak. You hit the yak but do no damage.
The yak flickers and vanishes!
Deactivating autopickup; reactivate with Ctrl-A.
The yak gores you.
* * * LOW HITPOINT WARNING * * *
Something gores you.
* * * LOW HITPOINT WARNING * * *
The orc warrior hits you with a +0 trident.
* * * LOW HITPOINT WARNING * * *
You closely miss the orc warrior. Your headbutt misses the orc warrior.
You barely miss something. You slash the yak! You burn the yak.
You slash the orc warrior! You burn the orc warrior.
You headbutt the orc warrior!
You kill the orc warrior!
You hit something but do no damage. You slash the yak! You freeze the yak.
You block the yak's attack. Something gores you.
* * * LOW HITPOINT WARNING * * *
You barely miss something. You slash the yak!
You kill the yak!
Something gores you.
* * * LOW HITPOINT WARNING * * *
Your Stealth skill increases to level 4!
You barely miss something. Something gores you!
You die...

..... .... .#.
#####.. ....' #.
...# ## .#
#.)###..# #.
#@#...#.# ..
#{).....# ##.
##†#...##
###..#####'###..#
#.....<.....# ..
##...........#
#......))....#
.......))....+
.............#


There were no monsters in sight!

Vanquished Creatures
  A fire crab (shapeshifter) (D:8)
  The ghost of 0gre the Chiller, a novice GnIE of Gozag (D:4)
  Prince Ribbit (D:5)
  4 wyverns
  23 yaks
  A basilisk (D:8)
  2 steam dragons
  7 water moccasins
  3 orc warriors
  2 ice beasts
  2 ogres (D:5)
  2 centaurs (D:8)
  The ghost of ChrisAssaf the Magician, an amateur DjSu of Ignis (D:3)
  A kobold brigand (D:9)
  A necrophage (D:7)
  A bullfrog (D:7)
  4 scorpions
  4 wights (D:8)
  7 killer bees
  3 howler monkeys (D:9)
  A hound (D:7)
  2 jellies
  A gnoll bouda (D:6)
  7 orc priests
  Crazy Yiuf (D:6)
  Ijyb (D:4)
  Jessica (D:3)
  3 iguanas
  Terence (D:2)
  3 orc wizards
  3 gnolls (D:6)
  12 adders
  A shadow imp (D:5)
  A white imp (D:8)
  A worm (D:4)
  3 dart slugs
  29 orcs
  8 ball pythons
  4 endoplasms
  2 giant cockroaches
  7 goblins
  5 hobgoblins
  6 jackals
  5 kobolds
  6 quokkas
  7 bats
  3 frilled lizards
  2 rats
197 creatures vanquished.

Vanquished Creatures (others)
  An orc (D:8)
  3 fungi (D:8)
  23 plants (D:8)
  5 toadstools (D:7)
32 creatures vanquished.

Grand Total: 229 creatures vanquished

Notes
Turn   | Place    | Note
-------+----------+-------------------------------------------
     0 | D:1      | nshep25 the Minotaur Fighter began the quest for the Orb.
     0 | D:1      | Reached XP level 1. HP: 19/19 MP: 0/0
   274 | D:1      | Reached XP level 2. HP: 27/27 MP: 1/1
   274 | D:1      | Found Qyugaasu's Assorted Antiques.
   341 | D:1      | Found a faded altar of an unknown god.
   638 | D:2      | Reached skill level 3 in Axes
   704 | D:2      | Reached XP level 3. HP: 26/33 MP: 2/2
   867 | D:2      | Noticed Terence
   874 | D:2      | Killed Terence
   904 | D:2      | Reached XP level 4. HP: 40/40 MP: 3/3
  1359 | D:3      | Reached skill level 4 in Axes
  1414 | D:3      | Reached XP level 5. HP: 38/46 MP: 4/4
  2103 | D:3      | Noticed Jessica
  2107 | D:3      | Killed Jessica
  2108 | D:3      | Reached skill level 5 in Shields
  2176 | D:3      | Found a runed translucent door.
  2180 | D:3      | Noticed ChrisAssaf's ghost (amateur DjSu)
  2266 | D:3      | Killed ChrisAssaf's ghost
  2267 | D:3      | Reached skill level 5 in Axes
  2267 | D:3      | Reached XP level 6. HP: 28/53 MP: 5/5
  2607 | D:4      | Noticed Ijyb
  2646 | D:4      | Killed Ijyb
  2750 | D:4      | Found a glowing drain.
  2861 | D:4      | Reached skill level 5 in Armour
  2866 | Sewer    | Entered a sewer
  2944 | Sewer    | Noticed a water moccasin
  2959 | Sewer    | Killed a water moccasin
  2960 | Sewer    | Reached skill level 1 in Dodging
  3410 | D:4      | Reached skill level 5 in Fighting
  3410 | D:4      | Reached XP level 7. HP: 37/61 MP: 6/6
  3779 | D:4      | Found a transporter.
  3779 | D:4      | Noticed 0gre's ghost (novice GnIE)
  3783 | D:4      | Found a transporter.
  3964 | D:5      | Entered Level 5 of the Dungeon
  3981 | D:5      | Reached skill level 6 in Axes
  4100 | D:5      | Found a radiant altar of Vehumet.
  4262 | D:5      | Reached skill level 7 in Axes
  4494 | D:5      | Found Muceb's Assorted Antiques.
  4629 | D:6      | Noticed Prince Ribbit
  4850 | D:5      | Killed Prince Ribbit
  4851 | D:5      | Reached skill level 1 in Stealth
  4851 | D:5      | Reached XP level 8. HP: 31/70 MP: 7/7
  5088 | D:6      | Found a runed translucent door.
  5089 | D:6      | Noticed Crazy Yiuf
  5096 | D:6      | Killed Crazy Yiuf
  5211 | D:6      | Reached skill level 8 in Axes
  5996 | D:7      | Reached skill level 9 in Axes
  6006 | D:7      | Reached XP level 9. HP: 73/78 MP: 8/8
  6013 | D:7      | Found a staircase to the Ecumenical Temple.
  6123 | Temple   | Entered the Ecumenical Temple
  6598 | D:7      | Reached skill level 10 in Axes
  6813 | D:8      | Reached skill level 11 in Axes
  7025 | D:8      | Found a runed translucent door.
  7096 | D:8      | Reached XP level 10. HP: 82/88 MP: 9/9
  7304 | D:8      | Noticed GigaChad's ghost (novice MiFi)
  7483 | D:8      | Found a staircase to the Lair.
  7565 | D:8      | Reached skill level 12 in Axes
  7566 | D:8      | Noticed a fire crab
  7566 | D:8      | a shapeshifter changed into a fire crab
  7572 | D:8      | Killed a fire crab
  8282 | D:7      | Reached skill level 10 in Armour
  8415 | D:4      | Killed 0gre's ghost
  8416 | D:4      | Reached skill level 13 in Axes
  8767 | D:9      | Reached XP level 11. HP: 80/97 MP: 10/10
  8785 | D:9      | Slain by a yak

Illustrated notes

Levels and vault maps discovered:
D:1:      wander_arrival_fairy_ring, layout_basic,
          ebering_ecumenical_altar_hall, serial_shops, nicolae_diamond_shop,
          minivault_27
D:2:      layout_loops_ring, kennysheep_generic_room_14, uniq_terence
D:3:      layout_basic, ebering_ghost_inner_flame,
          chequers_serial_rivers_small_a, uniq_jessica
D:4:      layout_basic, gup_sewer_entry_glass, gammafunk_ghost_arena, uniq_ijyb
D:5:      layout_basic, vehumet_crystals, serial_shops, shop_coins
D:6:      layout_loops_ring, uniq_prince_ribbit1, uniq_crazy_yiuf_cottage
D:7:      layout_cave_pools, temple_pool_b, minmay_hedge_maze,
          minmay_gold_behind_fungi, grunt_ministairs_15, feat_on_display
D:8:      layout_cave_pools, minmay_lair_entry_grove,
          ebering_ghost_reflecting_pool
D:9:      layout_roguey, nicolae_overflow_hallway_of_the_gods, enter_bailey_5,
          serial_shops, nicolae_stop_n_shop_2, biasface_ghost_orc_armoury,
          minivault_15, hangedman_decor_slide_cut,
          minmay_fractal_squares_diagonal_5
Temple:   nicolae_temple_bog_church

Skill      XL: |  1  2  3  4  5  6  7  8  9 10 11 |
---------------+----------------------------------+-----
Axes           | 3 4 5 7 9 11 13 | 13.5
Shields        | 4 5 6 7 |  7.3
Fighting       | 4 5 6 8 9 |  9.6
Armour         | 4 5 6 8 9 10 | 10.3
Dodging        | 1 2 |  2.8
Stealth        | 1 2 3 4 |  4.0
Unarmed Combat | |  0.4

Action                   |  1- 3 |  4- 6 |  7- 9 | 10-12 || total
-------------------------+-------+-------+-------+-------++-------
Melee: War axe           |    70 |   131 |   196 |   125 ||   522
       Headbutt          |     8 |    19 |    39 |    21 ||    87
       Unarmed           |       |    31 |       |       ||    31
  Use: Scroll            |       |       |    11 |     3 ||    14
 Stab: Paralysed         |       |       |     5 |     8 ||    13
       Petrifying        |       |       |     1 |       ||     1
       Distracted        |       |       |       |     1 ||     1
Armor: Scale mail        |    39 |    13 |       |       ||    52
       Chain mail        |       |    54 |    83 |    49 ||   186
Dodge: Dodged            |    38 |    84 |    93 |    71 ||   286
Block: Buckler           |    16 |    32 |    43 |    34 ||   125
